 Dungeon Crawl Stone Soup version 0.23-a0-350-g6fd5563 (webtiles) character file.

506 Garbasso the Chopper (level 6, -4/49 HPs)
             Began as a Demonspawn Chaos Knight on Oct 20, 2018.
             Was a Plaything of Xom.
             Slain by an ice beast (13 damage)
             ... on level 4 of the Dungeon.
             The game lasted 00:08:49 (3449 turns).

Garbasso the Chopper (Demonspawn Chaos Knight)      Turns: 3449, Time: 00:08:49

Health: -4/49      AC:  7    Str: 16    XL:     6   Next: 97%
Magic:  6/6        EV:  7    Int: 15    God:    Xom [.*....]
Gold:   170        SH:  8    Dex: 13    Spells: 5/5 levels left

rFire    . . .     SeeInvis .   a - +0 hand axe (chaos)
rCold    . . .     Gourm    .   k - +0 shield
rNeg     . . .     Faith    .   q - +0 scale mail (curse)
rPois    .         Spirit   .   (helmet restricted)
rElec    .         Reflect  .   (no cloak)
rCorr    .         Harm     .   s - -1 pair of gloves (curse)
MR       .....     Rnd*Tele +   (no boots)
Stlth    ..........             (no amulet)
HPRegen  0.16/turn              l - ring of teleportation (curse)
MPRegen  0.10/turn              (no ring)

@: no status effects
A: horns 1, talons 1, clever 1, foul stench 1, strong 1, rot immunity,
MP-powered wands, sturdy frame 1
a: Renounce Religion


You were on level 4 of the Dungeon.
You worshipped Xom.
You were a plaything of Xom.
You were not hungry.

You visited 1 branch of the dungeon, and saw 4 of its levels.

You collected 170 gold pieces.

Inventory:

Hand Weapons
 a - a +0 hand axe of chaos (weapon)
Missiles
 f - 180 stones (quivered)
Armour
 k - a +0 shield (worn)
 o - a +0 chain mail
 q - a cursed +0 scale mail (worn)
 s - a cursed -1 pair of gloves (worn)
Jewellery
 g - an uncursed ring of ice
 l - a cursed ring of teleportation (left hand)
Scrolls
 p - a scroll of teleportation
 r - 2 scrolls of identify {unknown}
Potions
 d - a potion of haste {unknown}
 e - 3 potions of agility {unknown}
 h - 2 potions of lignification {unknown}
 i - a potion of curing {unknown}
 j - a potion of invisibility {unknown}
 m - 2 potions of flight {unknown}
Comestibles
 c - 7 rations
 n - 4 chunks of flesh


   Skills:
 + Level 4.4 Fighting
 * Level 5.1 Axes
 + Level 3.4 Armour
 - Level 0.8 Dodging
 + Level 2.3 Shields


You had 5 spell levels left.
You didn't know any spells.
Your spell library contained the following spells:

 Spells                   Type           Power        Failure   Level  Hunger
 Confusing Touch          Hex            #.....       97%         1    ##.....
 Confuse                  Hex            #.......     100%        3    ####...
 Gell's Gravitas          Tloc           #.........   100%        3    ####...
 Petrify                  Tmut/Erth      #.......     100%        4    #####..
 Metabolic Englaciation   Hex/Ice        #.........   100%        5    ######.
 Yara's Violent Unravell  Hex/Tmut       #.........   100%        5    ######.


Dungeon Overview and Level Annotations

Branches:
Dungeon (4/15)
 Temple: D:4-7

Altars:
Wu Jian
Xom


Innate Abilities, Weirdness & Mutations

You have sharp toenails.
You may emit foul miasma when damaged in melee.
You are immune to rotting.
Your movements are slightly less encumbered by armour. (ER -2)
You have a pair of small horns on your head.
Your mind is acute. (Int +2)
Your muscles are strong. (Str +2)
You expend magic power (3 MP) to strengthen your wands.


Message History

You hit the ice beast but do no damage.
You claw the ice beast, but do no damage.
The ice beast is heavily wounded.
The ice beast barely misses you.
You hit the ice beast but do no damage.
Nothing appears to happen.
The ice beast is heavily wounded.
The ice beast hits you but does no damage.
The ice beast hits you. The ice beast freezes you.
Your shield prevents you from hitting the ice beast.
You claw the ice beast.
The ice beast is severely wounded.
The ice beast hits you. The ice beast freezes you.
* * * LOW HITPOINT WARNING * * *
You hit the ice beast but do no damage.
The ice beast is severely wounded.
The ice beast hits you.
* * * LOW HITPOINT WARNING * * *
The ice beast freezes you!
You die...
Xom guffaws!

#.# #.# #.# # #
#.##########.#
##.##.......#.######
...................
.#.##.....#.# ...
.#.##...#.#.####.#
....#.........##@#
.####.....#.#.##Y#
>.........#.#.##.#######
.##.###.#...............
.##..##.#.#.#.##.######.
.## ##.#.#.#.##.###..#
.# #.#.#.#.........# .#
#.#.#.####.####.# .
#.#.. ....#..


You could see an ice beast (berserk).

Vanquished Creatures
  Sigmund (D:3)
  A phantom (D:4)
  2 orc priests (D:4)
  2 worker ants (D:4)
  Natasha (D:4)
  3 orc wizards (D:4)
  2 adders
  An ooze (D:4)
  An adder skeleton (D:4)
  2 leopard geckos
  7 orcs (D:4)
  10 giant cockroaches
  3 goblins
  6 hobgoblins
  A ball python (D:1)
  11 bats
  3 frilled lizards (D:2)
  9 kobolds
  4 rats
70 creatures vanquished.

Notes
Turn   | Place    | Note
-------+----------+-------------------------------------------
     0 | D:1      | Garbasso the Demonspawn Chaos Knight began the quest for
                  | the Orb.
     0 | D:1      | Reached XP level 1. HP: 18/18 MP: 1/1
   141 | D:1      | XOM: noise
   176 | D:1      | XOM: cloud trail
   217 | D:1      | Reached skill level 3 in Axes
   218 | D:1      | Gained mutation: You are immune to rotting. [demonic
                  | ancestry]
   218 | D:1      | Reached XP level 2. HP: 20/24 MP: 2/2
   898 | D:2      | Gained mutation: Your movements are slightly less
                  | encumbered by armour. (ER -2) [demonic ancestry]
   898 | D:2      | Reached XP level 3. HP: 28/29 MP: 3/3
   911 | D:2      | XOM: 2-stop teleportation journey
  1274 | D:2      | XOM: noise
  1290 | D:2      | XOM: silly message
  1418 | D:1      | XOM: harmless Chrm miscast
  1638 | D:2      | XOM: scenery: create altars
  1791 | D:2      | XOM: 5-stop teleportation journey
  2118 | D:3      | Noticed Sigmund
  2243 | D:3      | Found an ornate altar of the Wu Jian Council.
  2366 | D:3      | XOM: god gift: phantom mirror
  2442 | D:3      | XOM: scenery: create altars
  2611 | D:3      | XOM: enchant monster (good)
  2621 | D:3      | Killed Sigmund
  2621 | D:3      | Reached skill level 4 in Axes
  2621 | D:3      | Reached skill level 1 in Shields
  2621 | D:3      | Gained mutation: You have sharp toenails. [demonic
                  | ancestry]
  2621 | D:3      | Reached XP level 4. HP: 18/37 MP: 4/4
  2621 | D:3      | Gained mutation: You may emit foul miasma when damaged in
                  | melee. [demonic ancestry]
  2621 | D:3      | Reached XP level 5. HP: 21/42 MP: 5/5
  2656 | D:3      | XOM: god gift: diamond ring {god gift}
  2805 | D:4      | XOM: give mutations
  2805 | D:4      | Gained mutation: Your mind is acute. (Int +2) [Xom's grace]
  2805 | D:4      | Gained mutation: You expend magic power (3 MP) to
                  | strengthen your wands. [Xom's grace]
  2805 | D:4      | Gained mutation: You have a pair of small horns on your
                  | head. [Xom's grace]
  2805 | D:4      | Gained mutation: Your muscles are strong. (Str +2) [Xom's
                  | grace]
  2813 | D:4      | Noticed a phantom
  2823 | D:4      | XOM: enchant monster (good)
  2868 | D:4      | Killed a phantom
  2868 | D:4      | Reached XP level 6. HP: 10/48 MP: 6/6
  3175 | D:4      | XOM: destruction
  3231 | D:4      | Noticed Natasha
  3241 | D:4      | Reached skill level 5 in Axes
  3243 | D:4      | Killed Natasha
  3422 | D:4      | Noticed an ice beast
  3423 | D:4      | XOM: enchant monster (bad)
  3426 | D:4      | XOM: blink monster(s)
  3449 | D:4      | Slain by an ice beast

Vault maps used:
D:1:      kennysheep_arrival_seaside
D:3:      overflow_temple_1_default, uniq_sigmund
D:4:      first_ration, uniq_natasha

Skill      XL: |  1  2  3  4  5  6 |
---------------+-------------------+-----
Axes           | 3 4 5 |  5.1
Armour         | 2 3 |  3.4
Shields        | 1 2 |  2.3
Fighting       | 4 |  4.4
Dodging        | |  0.8

Action                   |  1- 3 |  4- 6 || total
-------------------------+-------+-------++-------
Melee: Hand axe          |   142 |    91 ||   233
       Kick              |       |    23 ||    23
       Headbutt          |       |    13 ||    13
Throw: Stone             |    10 |       ||    10
Evoke: Phantom mirror    |     1 |       ||     1
  Use: Scroll            |     2 |       ||     2
       Potion            |       |     3 ||     3
 Stab: Petrifying        |     1 |       ||     1
  Eat: Chunk             |     2 |     3 ||     5
       Ration            |     1 |       ||     1
Armor: Leather armour    |    33 |       ||    33
       Scale mail        |    52 |    28 ||    80
Dodge: Dodged            |   102 |    18 ||   120
Block: Shield            |    15 |    23 ||    38

Table legend:
 A = Non-vault XP
 B = Vault XP
 C = Vault XP percentage of total XP
 D = Non-vault monster count
 E = Vault monster count
 F = Vault count percentage of total count
                 A         B        C        D         E       F
            +---------+---------+-------+---------+---------+-------
      Total |     522 |     201 |  27.8 |      67 |       2 |   2.9
            +---------+---------+-------+---------+---------+-------
        D:1 |      30 |       0 |   0.0 |      18 |       0 |   0.0
        D:2 |      42 |       0 |   0.0 |      19 |       0 |   0.0
        D:3 |      19 |     166 |  89.7 |      11 |       1 |   8.3
        D:4 |     431 |      35 |   7.5 |      19 |       1 |   5.0
            +---------+---------+-------+---------+---------+-------
